 Dungeon Sprint DCSS version 0.28-a0-1395-g4f6bc678fa (webtiles) character file.

Game seed: 1018271078299322037

18600000 HallandMoats the Conqueror (level 22, -9/212 HPs)
             Began as a Formicid Monk on Jan 4, 2022.
             Was the Champion of Makhleb.
             Mangled by a meat berserker (92 damage)
             ... in the Dungeon (Sprint VIII: "Arena of Blood").
             The game lasted 00:03:09 (186 turns).

HallandMoats the Conqueror (Formicid Monk)           Turns: 186, Time: 00:03:09

Health: -9/212     AC:  4    Str: 21    XL:     22   Next: 75%
Magic:  39/39      EV: 29    Int: 12    God:    Makhleb [******]
Gold:   0          SH:  0    Dex: 17    Spells: 46/46 levels left

rFire   . . .      SeeInvis +   f - +∞ Axe of Woe
rCold   . . .      Faith    .   (no shield)
rNeg    . . .      Spirit   .   b - +0 robe
rPois   .          Reflect  .   (helmet unavailable)
rElec   .          Harm     .   (no cloak)
rCorr   .          Rampage  .   (no gloves)
Will    ++...                   (no boots)
Stlth   +++++++...              (no amulet)
HPRegen 0.45/turn               g - +100 ring of slaying
MPRegen 0.26/turn               (no ring)

@: no status effects
A: permanent stasis, dig shafts and tunnels, antennae 3, four strong arms
a: Dig, Renounce Religion, Minor Destruction, Lesser Servant of Makhleb, Major
Destruction, Greater Servant of Makhleb


You were in the Dungeon.
You worshipped Makhleb.
Makhleb was exalted by your worship.
You visited 1 branch

Inventory:

Hand Weapons
 f - the +∞ Axe of Woe (weapon)
   (You found it in the Dungeon)
Armour
 b - a +0 robe (worn)
Jewellery
 g - a +100 ring of slaying (left hand)
Potions
 c - a potion of curing
 d - a potion of heal wounds
 e - 2 potions of magic


   Skills:
 O Level 27 Fighting
 + Level 12.8(15.0) Short Blades
 + Level 12.8(15.0) Long Blades
 O Level 27 Axes
 + Level 12.7 Staves
 + Level 13.8(16.2) Slings
 + Level 11.0 Bows
 + Level 12.8 Crossbows
 + Level 12.9(15.1) Throwing
 O Level 27 Armour
 O Level 27 Dodging
 + Level 18.4 Stealth
 + Level 15.2 Shields
 + Level 12.9 Unarmed Combat
 + Level 12.8 Spellcasting
 + Level 11.8 Conjurations
 + Level 15.0 Hexes
 + Level 12.9 Summonings
 + Level 12.7 Necromancy
 + Level 11.8 Translocations
 + Level 13.9 Transmutations
 + Level 12.8 Fire Magic
 + Level 12.8 Ice Magic
 + Level 10.9 Air Magic
 + Level 15.0 Earth Magic
 + Level 16.5 Poison Magic
 O Level 27 Invocations
 + Level 13.9 Evocations


You had 46 spell levels left.
You didn't know any spells.
Your spell library was empty.

Dungeon Overview and Level Annotations

Branches:
Dungeon (1/1)

Altars:
Makhleb


Innate Abilities, Weirdness & Mutations

You cannot be hasted, slowed, berserked, paralysed or teleported.
You can dig through walls and to a lower floor.
You have a pair of large antennae on your head. (SInv)
Your four strong arms can wield two-handed weapons with a shield.


Message History

The meat berserker shouts!
You hear a shout!
The bag of meat shouts!
The destroyer shouts!
You hear an angry hiss. x2; You hear a shout! x4
A meat berserker comes into view. It is wielding a +9 battleaxe.
You hear a shout! x5
A dread comes into view.
The bag of meat moves out of view.
You hear a shout! x3; You hear a roar!
You retract your mandibles.
You dice the meat berserker like an onion!!!!
You hew the meat berserker savagely.
You kill the meat berserker!
Makhleb accepts your kill.
You hear a shout! x7
The fleshlord casts a spell at you.
Your stasis prevents you from being slowed.
You hear a shout! x2
A scourge comes into view.
The destroyer casts a spell at you.
The destroyer blinks!
The dread calls on the powers of darkness!
The meat berserker convulses!
The bag of meat convulses!
The fleshlord convulses!
The scourge convulses!
The scourge hisses angrily.
The bag of meat convulses!
The meat berserker convulses!
Your body is wracked with pain!
You hear a shout!
You hear a roar!
You hear a shout! x2
Your life force feels restored.
Your Bows skill increases to level 11!
Your Shields skill increases to level 15!
Your Hexes skill increases to level 15!
Your Earth Magic skill increases to level 15!
You slice the destroyer like a ripe choko!!!!
You butcher the destroyer messily.
You destroy the destroyer!
Makhleb accepts your kill.
You feel better.
You hear a deafening roar!
You hear a shout!
You hear two shouts!
You hear a shout! x7
The meat berserker hits you with a +9 battleaxe!!!!
You die... .... .... {{{{

.... ## {{#S
.... .## ..#
..#.
{..#.W..
.... {.po§##
.##.
##Oo...#
....
#########@#
#...
##........##
....
##.#########
.... #)##
.... ##.##
#### ##.##
### ##.##
#.## ##.##
##§## ####
##.## ##)##
##..##


You could see a scourge, a fleshlord, a dread, a meat berserker (berserk) and 2
bags of meat.

Vanquished Creatures
  5 vampire knights (D)
  9 ogres (D)
  4 two-headed ogres (D)
  23 orcs (D)
41 creatures vanquished.

Notes
Turn   | Place    | Note
-------+----------+-------------------------------------------
     0 | D        | Found the +∞ Axe of Woe
     0 | D        | HallandMoats the Formicid Monk began the quest for the Orb.
     0 | D        | Reached XP level 1. HP: 18/18 MP: 1/1
     1 | D        | Noticed a bag of meat
     3 | D        | Became a worshipper of Makhleb the Destroyer
     3 | D        | Reached * piety under Makhleb
     3 | D        | Reached ** piety under Makhleb
     3 | D        | Noticed a meat berserker
     6 | D        | Killed a meat berserker
     7 | D        | Reached skill level 15 in Dodging
     7 | D        | Reached XP level 2. HP: 49/49 MP: 2/2
     7 | D        | Reached XP level 3. HP: 55/55 MP: 3/3
     7 | D        | Reached XP level 4. HP: 63/63 MP: 4/4
     7 | D        | Reached XP level 5. HP: 69/69 MP: 5/5
     7 | D        | Reached XP level 6. HP: 76/76 MP: 6/6
     7 | D        | Reached XP level 7. HP: 83/83 MP: 7/7
     7 | D        | Reached XP level 8. HP: 90/90 MP: 8/8
     7 | D        | Reached XP level 9. HP: 96/96 MP: 9/9
     7 | D        | Reached XP level 10. HP: 104/104 MP: 10/10
     7 | D        | Reached XP level 11. HP: 110/110 MP: 11/11
     7 | D        | Reached XP level 12. HP: 117/117 MP: 12/12
     7 | D        | Noticed a bag of meat
     7 | D        | Noticed a bag of meat
     7 | D        | Noticed a bag of meat
     8 | D        | Noticed a bag of meat
     8 | D        | Noticed a bag of meat
     8 | D        | Noticed a bag of meat
     8 | D        | Noticed a meat berserker
     8 | D        | Noticed a bag of meat
     8 | D        | Noticed a meat berserker
     9 | D        | Noticed a bag of meat
     9 | D        | Noticed a bag of meat
     9 | D        | Noticed a bag of meat
    10 | D        | Noticed a meat berserker
    10 | D        | Noticed a bag of meat
    10 | D        | Noticed a bag of meat
    10 | D        | Noticed a bag of meat
    11 | D        | Killed a meat berserker
    11 | D        | Killed a bag of meat
    11 | D        | Killed a bag of meat
    11 | D        | Reached *** piety under Makhleb
    11 | D        | Noticed a large bag of meat
    11 | D        | Noticed a bag of meat
    12 | D        | Reached XP level 13. HP: 135/135 MP: 12/22
    12 | D        | Reached XP level 14. HP: 143/143 MP: 12/23
    12 | D        | Killed a meat berserker
    12 | D        | Killed a bag of meat
    12 | D        | Killed a bag of meat
    12 | D        | Reached **** piety under Makhleb
    12 | D        | Noticed a bag of meat
    13 | D        | Reached XP level 15. HP: 158/158 MP: 12/27
    14 | D        | Reached skill level 27 in Fighting
    14 | D        | Reached skill level 15 in Armour
    14 | D        | Noticed a large bag of meat
    15 | D        | Reached ***** piety under Makhleb
    15 | D        | Killed a meat berserker
    16 | D        | Reached XP level 16. HP: 167/167 MP: 12/31
    16 | D        | Reached XP level 17. HP: 174/174 MP: 12/32
    16 | D        | Noticed a meat berserker
    17 | D        | Noticed a meat berserker
    18 | D        | Killed a large bag of meat
    18 | D        | Reached ****** piety under Makhleb
    18 | D        | Noticed a meat berserker
    19 | D        | Reached skill level 27 in Axes
    19 | D        | Reached skill level 27 in Invocations
    19 | D        | Reached XP level 18. HP: 46/182 MP: 13/35
    20 | D        | Killed a large bag of meat
    21 | D        | Reached skill level 27 in Armour
    21 | D        | Reached skill level 27 in Dodging
    21 | D        | Reached skill level 10 in Stealth
    21 | D        | Reached XP level 19. HP: 50/189 MP: 13/36
    23 | D        | Killed a meat berserker
    23 | D        | Killed a meat berserker
    23 | D        | Killed a meat berserker
    24 | D        | Reached skill level 5 in Bows
    24 | D        | Reached skill level 5 in Air Magic
    24 | D        | Reached XP level 20. HP: 168/197 MP: 14/37
    24 | D        | Noticed a destroyer
    27 | D        | Noticed a large bag of meat
    30 | D        | Reached skill level 10 in Poison Magic
    30 | D        | Killed a destroyer
    31 | D        | Reached skill level 10 in Shields
    31 | D        | Reached skill level 10 in Hexes
    31 | D        | Reached skill level 10 in Earth Magic
    31 | D        | Noticed a destroyer
    31 | D        | Noticed a large bag of meat
    32 | D        | Reached skill level 10 in Transmutations
    32 | D        | Noticed a meat berserker
    33 | D        | Noticed a destroyer
    38 | D        | Noticed a destroyer
    38 | D        | Killed a destroyer
    39 | D        | Reached skill level 10 in Slings
    39 | D        | Reached skill level 15 in Stealth
    39 | D        | Reached skill level 10 in Evocations
    39 | D        | Reached XP level 21. HP: 204/204 MP: 17/38
    39 | D        | Noticed a destroyer
    46 | D        | Killed a meat berserker
    47 | D        | Reached skill level 10 in Short Blades
    47 | D        | Reached skill level 10 in Long Blades
    47 | D        | Reached skill level 10 in Staves
    47 | D        | Reached skill level 10 in Crossbows
    47 | D        | Reached skill level 10 in Throwing
    47 | D        | Reached skill level 10 in Unarmed Combat
    47 | D        | Reached skill level 10 in Spellcasting
    47 | D        | Reached skill level 10 in Summonings
    47 | D        | Reached skill level 10 in Necromancy
    47 | D        | Reached skill level 10 in Fire Magic
    47 | D        | Reached skill level 10 in Ice Magic
    47 | D        | Killed a destroyer
    48 | D        | Reached skill level 10 in Conjurations
    48 | D        | Reached skill level 10 in Translocations
    48 | D        | Killed a destroyer
    49 | D        | Reached XP level 22. HP: 206/212 MP: 20/39
    53 | D        | Killed a large bag of meat
    54 | D        | Reached skill level 10 in Bows
    54 | D        | Reached skill level 10 in Air Magic
    54 | D        | Reached skill level 15 in Poison Magic
    70 | D        | Killed a large bag of meat
   184 | D        | Noticed a destroyer
   184 | D        | Noticed a meat berserker
   184 | D        | Noticed a meat berserker
   184 | D        | Noticed a fleshlord
   184 | D        | Noticed a meat berserker
   184 | D        | Noticed a dread
   185 | D        | Killed a meat berserker
   186 | D        | Reached skill level 15 in Shields
   186 | D        | Reached skill level 15 in Hexes
   186 | D        | Reached skill level 15 in Earth Magic
   186 | D        | Killed a destroyer
   186 | D        | Mangled by a meat berserker

Illustrated notes

Levels and vault maps discovered:
D:        meatsprint

Skill      XL: |  1  2  3  4  5  6  7  8  9 10 11 12 13 14 15 16 17 18 19 20 21 22 |
---------------+-------------------------------------------------------------------+-----
Fighting       | 18 23 26 27 | 27.0
Axes           | 17 20 21 25 27 | 27.0
Dodging        | 15 17 19 23 26 27 | 27.0
Stealth        | 9 10 12 15 17 18 | 18.4
Armour         | 11 14 21 26 27 | 27.0
Invocations    | 12 16 23 27 | 27.0
Short Blades   | 2 6 9 11 12 | 12.8
Long Blades    | 2 6 9 11 12 | 12.8
Staves         | 2 6 9 11 12 | 12.7
Slings         | 2 7 10 12 13 | 13.8
Bows           | 2 5 8 9 11 | 11.0
Crossbows      | 2 6 9 11 12 | 12.8
Throwing       | 2 7 9 11 12 | 12.9
Shields        | 3 8 11 13 15 | 15.2
Unarmed Combat | 2 7 9 11 12 | 12.9
Spellcasting   | 2 6 9 11 12 | 12.8
Conjurations   | 2 6 9 10 11 | 11.8
Hexes          | 3 8 11 13 15 | 15.0
Summonings     | 2 6 9 11 12 | 12.9
Necromancy     | 2 6 9 11 12 | 12.7
Translocations | 2 6 9 10 11 | 11.8
Transmutations | 3 7 10 12 13 | 13.9
Fire Magic     | 2 6 9 11 12 | 12.8
Ice Magic      | 2 6 9 11 12 | 12.8
Air Magic      | 2 5 8 9 10 | 10.9
Earth Magic    | 3 8 11 13 15 | 15.0
Poison Magic   | 3 9 12 14 16 | 16.5
Evocations     | 2 7 10 12 13 | 13.9

Action                   |  1- 3 |  4- 6 |  7- 9 | 10-12 | 13-15 | 16-18 | 19-21 | 22-24 || total
-------------------------+-------+-------+-------+-------+-------+-------+-------+-------++-------
Melee: Executioner's axe |     1 |       |       |     1 |     3 |     3 |     9 |     5 ||    22
 Abil: Dig               |       |       |       |       |       |       |     1 |     5 ||     6
Dodge: Dodged            |       |       |       |       |       |     1 |     1 |     2 ||     4

Table legend: (Time is in decaauts)
 A = Elapsed time spent in this place.
 B = Non-inter-level travel time spent in this place.
 C = Inter-level travel time spent in this place.
 D = Time resting spent in this place.
 E = Time spent auto-exploring this place.
 F = Levels seen in this place.
 G = Mean time per level.
                   A        B        C        D        E       F      G
               +--------+--------+--------+--------+--------+-----+--------+
         Total |    180 |    180 |      0 |     86 |      0 |   1 |  180.0 |
       Dungeon |    180 |    180 |      0 |     86 |      0 |   1 |  180.0 |
               +--------+--------+--------+--------+--------+-----+--------+

Top non-repeatable levels by time:
       D: 180 daAuts
